 Dungeon Crawl Stone Soup version 0.13.1-27-ga479965 (webtiles) character file.

223 Chiseanne the Ruinous (level 4, -2/39 HPs)
             Began as an Ogre Conjurer on Feb 8, 2014.
             Succumbed to Ijyb's poison
             ... on Level 3 of the Dungeon.
             The game lasted 00:09:39 (3580 turns).

Chiseanne the Ruinous (Ogre Conjurer)               Turns: 3580, Time: 00:09:39

HP  -2/39        AC  3     Str 13      XL: 4   Next: 56%
MP   1/8         EV 10     Int 15      God:
Gold 133         SH  0     Dex 10      Spells:  2 memorised,  3 levels left

Res.Fire  : . . .   See Invis. : .   j - +0 mace
Res.Cold  : . . .   Warding    : .   a - +0 robe
Life Prot.: . . .   Conserve   : .   (shield restricted)
Res.Poison: .       Res.Corr.  : .   (helmet restricted)
Res.Elec. : .       Clarity    : .   (no cloak)
Sust.Abil.: . .     Spirit.Shd : .   (gloves unavailable)
Res.Mut.  : .       Stasis     : .   (boots unavailable)
Res.Rott. : .       Flight     : .   k - cursed amulet of faith {unknown}
Saprovore : + . .                    (no ring)
                                     m - ring of sustenance

@: extremely poisoned, very slightly contaminated, slightly resistant to hostile
enchantments, unstealthy
A: unfitting armour, fast metabolism 1, saprovore 1, tough skin 1
a: no special abilities


You were on level 3 of the Dungeon.
You were not hungry.

You visited 1 branch of the dungeon, and saw 3 of its levels.

You collected 113 gold pieces.

Inventory:

Hand weapons
 j - a +0,+0 mace (weapon)
 u - a +0 orcish blowgun
 w - a +3,+2 dwarven dagger of electrocution (quivered)
Armour
 a - a +0 robe (worn)
Comestibles
 b - 2 meat rations
 d - a pear
 f - 2 apples
 i - a slice of pizza
 n - a lemon
 s - 2 bread rations
 x - a chunk of worm flesh
Scrolls
 o - a scroll of enchant armour {unknown}
 p - 3 scrolls of identify {unknown}
 r - a scroll of curse jewellery {unknown}
 t - a scroll of remove curse {unknown}
Jewellery
 k - a cursed amulet of faith (around neck) {unknown}
 m - a ring of sustenance (left hand)
Potions
 e - 5 potions of heal wounds {unknown}
 g - 2 potions of curing {unknown}
 h - a potion of magic {unknown}
 l - a potion of flight {unknown}
 q - a potion of slowing {unknown}
 v - a potion of poison {unknown}
Books
 c - a book of Conjurations

   Spells                             Type                      Level
   *Magic Dart                        Conjuration                  1
   Searing Ray                        Conjuration                  2
   Dazzling Spray                     Conjuration/Hexes            3
   *Iskenderun's Mystic Blast         Conjuration                  4
   Iskenderun's Battlesphere          Conjuration/Charms           4
   Fulminant Prism                    Conjuration/Hexes            5


   Skills:
 - Level 1.7 Dodging
 - Level 1.5 Stealth
 * Level 2.8 Spellcasting
 * Level 4.0 Conjurations


You had 3 spell levels left.
You knew the following spells:

 Your Spells              Type           Power        Failure   Level  Hunger
a - Magic Dart            Conj           ##..         4%          1    #......
b - Iskenderun's Mystic   Conj           ##......     41%         4    #####..


Dungeon Overview and Level Annotations

Branches:
Dungeon (3/27)

Altars:
Fedhas
Okawaru
Trog

Annotations:
D:3 Ijyb


Innate Abilities, Weirdness & Mutations

You are too large for most types of armour.
You have a fast metabolism.
You can tolerate rotten meat.
You have tough skin (AC +1).


Message History

You hit Ijyb but do no damage.
Ijyb is moderately wounded.
You feel sick. Ijyb hits you but does no damage.
You are more poisoned.
Ijyb hits you with a dagger of venom.
You are more poisoned.
You sock Ijyb!
Ijyb is severely wounded.
You feel very sick. Ijyb hits you with a dagger of venom.
You barely miss Ijyb.
Ijyb is severely wounded.
You feel sick. Ijyb hits you with a dagger of venom.
* * * LOW HITPOINT WARNING * * *
You are more poisoned.
Ijyb hits you but does no damage.
You are more poisoned.
You closely miss Ijyb.
Ijyb is severely wounded.
You die...

#........#.#
###
#...##...#.#
..# #
##..........#
..#
#.##...#..#.?.#
..#
#.............#
..#
#.#...#....#..#
..# #
##..........#
###
#.#...g..#.# #
#.....@....#
########
###..#######
##.....#. ##.#
##.....#.# #.#
.......#.# #.#
.......#.# #.#
<......#.# #.#
.......#.# #.#
.......#.# #.#


You could see Ijyb.

Vanquished Creatures
  An adder (D:2)
  3 worms (D:3)
  A grey rat (D:2)
  4 oozes
  8 bats
  2 giant cockroaches (D:1)
  6 hobgoblins
  2 giant geckos (D:1)
  4 giant newts
  7 goblins
  2 jackals (D:1)
  11 kobolds
  10 rats
61 creatures vanquished.

Notes
Turn   | Place    | Note
--------------------------------------------------------------
     0 | D:1      | Chiseanne, the Ogre Conjurer, began the quest for the Orb.
     0 | D:1      | Reached XP level 1. HP: 16/16 MP: 3/3
    16 | D:1      | Reached skill level 3 in Conjurations
   508 | D:1      | Reached XP level 2. HP: 24/24 MP: 0/4
  1210 | D:1      | Reached XP level 3. HP: 31/31 MP: 1/6
  1937 | D:2      | Found an iron altar of Okawaru.
  1940 | D:2      | Found a blossoming altar of Fedhas.
  1946 | D:2      | Found a bloodstained altar of Trog.
  2656 | D:3      | Reached XP level 4. HP: 27/39 MP: 0/8
  3407 | D:3      | Reached skill level 4 in Conjurations
  3493 | D:3      | Learned a level 4 spell: Iskenderun's Mystic Blast
  3562 | D:3      | Noticed Ijyb
  3580 | D:3      | Succumbed to Ijyb's poison

Action                   |  1- 3 |  4- 6 || total
-------------------------+-------+-------++-------
Melee: Unarmed           |    45 |       ||    45
       Club              |     4 |       ||     4
       Mace              |    31 |    14 ||    45
 Cast: Magic Dart        |    90 |    53 ||   143
